 Dungeon Crawl Stone Soup version 0.31.0-1-g2c135a0 (webtiles) character file.

Game seed: 3146377817625786969

10 bonegar the Sneak (level 2, 0/22 HPs)
             Began as a Naga Enchanter on Feb 13, 2024.
             Killed from afar by a dart slug (4 damage)
             ... with a slug dart
             ... on level 1 of the Dungeon.
             The game lasted 00:02:18 (204 turns).

bonegar the Sneak (Naga Enchanter)                   Turns: 204, Time: 00:02:20

Health: 0/22       AC:  1    Str: 10    XL:     2   Next: 20%
Magic:  5/5        EV:  9    Int: 15    God:
Gold:   26         SH:  0    Dex: 11    Spells: 5/5 levels left

rFire   . . .        a - +1 dagger
rCold   . . .        (no shield)
rNeg    . . .        b - +0 robe
rPois   +            (no helmet)
rElec   .            (no cloak)
rCorr   .            (no gloves)
SInv    +            (no barding)
Will    .....        (no amulet)
Stlth   +++          (no ring)
HPRegen 0.23/turn    (no ring)
MPRegen 0.09/turn

%: no passive effects
@: very slow
A: AC +0, large, see invisible, deformed body, poison resistance, slowness 2,
spit poison 1, naga tail 1
a: Spit Poison


You were on level 1 of the Dungeon.
You visited 1 branch of the dungeon, and saw 1 of its levels.

You collected 26 gold pieces.

Inventory:

Hand Weapons
 a - a +1 dagger (weapon)
Armour
 b - a +0 robe (worn)
Scrolls
 d - a scroll of fear {unknown}
 e - a scroll of vulnerability {unknown}
Potions
 c - 2 potions of invisibility


   Skills:
 + Level 1.0 Short Blades
 + Level 1.6 Dodging
 + Level 4.9 Stealth
 + Level 2.0 Spellcasting
 + Level 3.3 Hexes


You had 5 spell levels left.
You didn't know any spells.
Your spell library contained the following spells:

 Spells                   Type           Power      Damage    Failure   Level
 Ensorcelled Hibernation  Hex/Ice        12%        N/A       17%         2
 Confusing Touch          Hex            11%        N/A       17%         3
 Tukima's Dance           Hex            11%        N/A       17%         3
 Apportation              Tloc           2%         N/A       22%         1
 Necrotise                Necr           4%         1d4       22%         1
 Sting                    Conj/Alch      4%         1d3       22%         1
 Summon Small Mammal      Summ           4%         N/A       22%         1
 Sublimation of Blood     Necr           1%         N/A       32%         2
 Dazzling Flash           Conj/Hex       12%        N/A       32%         3
 Petrify                  Alch/Erth      1%         N/A       91%         4
 Irradiate                Conj/Alch      0%         3d11      99%         5


Dungeon Overview and Level Annotations

Branches:
Dungeon (1/15)

Altars:


Innate Abilities, Weirdness & Mutations

Your serpentine skin is tough. (AC +0)
You have supernaturally acute eyesight. (SInv)
Armour fits poorly on your strangely shaped body.
Your system is resistant to poisons. (rPois)
You cover ground very slowly.
You can spit poison.
You have a snake-like lower body.


Message History

The helpless kobold fails to defend itself.
You impale the kobold!!
You kill the kobold!
You open the door.
Found a robe.
Found 10 gold pieces.
Found a stone staircase leading down.
Found a book of Transmutation.
You now have 26 gold pieces (gained 10).
You pick up a book of Transmutation and begin reading...
You add the spells Sublimation of Blood, Petrify and Irradiate to your library.
A giant cockroach comes into view.
Unknown command.
Unknown command.
A quokka and a dart slug come into view.
Found a murky puce potion.
The giant cockroach bites you. x2
You barely miss the giant cockroach. The giant cockroach barely misses you.
You hit the giant cockroach.
The giant cockroach is moderately wounded.
The giant cockroach misses you.
You hit the giant cockroach.
The giant cockroach is almost dead.
The giant cockroach bites you.
You hit the giant cockroach.
You kill the giant cockroach!
The quokka twitches its whiskers.
The quokka closely misses you. The quokka barely misses you.
You closely miss the quokka. The quokka barely misses you.
You closely miss the quokka. The quokka bites you.
You barely miss the quokka. The quokka barely misses you.
You hit the quokka but do no damage. The quokka bites you. x2
You hit the quokka.
The quokka is almost dead.
The quokka closely misses you.
You hit the quokka but do no damage.
The quokka is almost dead.
The quokka bites you.
* * * LOW HITPOINT WARNING * * *
The dart slug launches a dart at you. The slug dart hits you.
You die...

......... .........
#.. ...### #..#
##.# #..#########.
#.####
#............
#....#
#............
####.####
#............
#....#
#.....r......
##...#
#....@w....!#
#...###...........#
#....##..#+########
#..............
#.............#
#....>........#
#...#.........#
#####.........#
#.........#


You could see a dart slug and a quokka.

Vanquished Creatures
  An endoplasm (D:1)
  3 giant cockroaches (D:1)
  2 hobgoblins (D:1)
  A kobold (D:1)
  A rat (D:1)
8 creatures vanquished.

Notes
Turn   | Place    | Note
-------+----------+-------------------------------------------
     0 | D:1      | bonegar the Naga Enchanter began the quest for the Orb.
     0 | D:1      | Reached XP level 1. HP: 15/15 MP: 3/3
   130 | D:1      | Reached XP level 2. HP: 22/22 MP: 5/5
   204 | D:1      | Killed from afar by a dart slug

Illustrated notes

Levels and vault maps discovered:
D:1:      dpeg_arrival_court, layout_basic, minmay_misc_feat_iff

Action                     || total
---------------------------++-------
  Melee: Dagger            ||    24
         Punch             ||     1
   Stab: Sleeping          ||     4
 Armour: Robe              ||    13
  Dodge: Dodged            ||    11
